 Dungeon Crawl Stone Soup version 0.21.1-1-g345015f (webtiles) character file.

10062 poirepourri the Unseen (level 11, -9/50 HPs)
             Began as a Spriggan Enchanter on July 14, 2018.
             Was a Believer of Dithmenos.
             Mangled by a spiny frog (16 damage)
             ... on level 1 of the Lair of Beasts.
             The game lasted 00:18:21 (11302 turns).

poirepourri the Unseen (Spriggan Enchanter)        Turns: 11302, Time: 00:18:23

Health: -9/50      AC:  6    Str: 11    XL:     11   Next: 31%
Magic:  28/28      EV: 23    Int: 17    God:    Dithmenos [**....]
Gold:   186        SH:  0    Dex: 22    Spells: 22/34 levels left

rFire    . . .     SeeInvis +   a - +7 dagger (protect)
rCold    . . .     Gourm    .   (shield restricted)
rNeg     . . .     Faith    .   d - +2 robe {MR+}
rPois    .         Spirit   .   l - +1 hat
rElec    .         Reflect  .   p - +0 cloak
rCorr    .         Harm     .   (gloves unavailable)
MR       ++...                  (boots unavailable)
Stlth    ++++......             k - amulet of magic regeneration
HPRegen  0.16/turn              x - +4 ring of evasion
MPRegen  0.46/turn              H - ring "Feysef" {+Fly Str+7 Dex+2}

@: wreathed by umbra, slow
A: very small, unfitting armour, see invisible, herbivore, speed 3, slow
metabolism 2
a: Shadow Step, Renounce Religion, Evoke Flight


You were on level 1 of the Lair of Beasts.
You worshipped Dithmenos.
Dithmenos was pleased with you.
You were very full.

You visited 3 branches of the dungeon, and saw 13 of its levels.
You also visited: Sewer.

You collected 750 gold pieces.
You spent 564 gold pieces at shops.

Inventory:

Hand Weapons
 a - a +7 dagger of protection (weapon)
 b - a +0 blowgun
 F - a +4 rapier
Missiles
 t - 35 poisoned needles
Armour
 d - a +2 robe of magic resistance (worn)
 l - a +1 hat (worn)
 p - a +0 cloak (worn)
 B - a +2 buckler
 I - a scarf of cloud immunity
Jewellery
 k - an amulet of magic regeneration (around neck)
 x - a +4 ring of evasion (left hand)
 D - an uncursed ring of ice
 H - the ring "Feysef" (right hand) {+Fly Str+7 Dex+2}
   (You bought it in a shop on level 10 of the Dungeon)

   [ring of flight]

   It affects your strength (+7).
   It affects your dexterity (+2).
   It lets you fly.
 J - an uncursed ring of see invisible {unknown}
Wands
 f - a wand of digging (25)
 i - a wand of acid (5)
 v - a wand of polymorph (18)
 y - a wand of enslavement (4)
 E - a wand of iceblast (7)
Scrolls
 h - 9 scrolls of teleportation
 o - 6 scrolls of remove curse
 r - 4 scrolls of amnesia
 G - a scroll of fear
Potions
 e - 3 potions of lignification
 g - 2 potions of heal wounds
 j - a potion of ambrosia
 m - 4 potions of curing
 n - 5 potions of flight
 s - a potion of might
 u - a potion of brilliance
 w - 2 potions of agility
 z - 3 potions of haste
 A - a potion of berserk rage
Books
 c - a book of Maledictions

   Spells                             Type                      Level
   a - Corona                         Hexes                        1
   b - Ensorcelled Hibernation        Hexes/Ice                    2
   c - Confuse                        Hexes                        3
   d - Tukima's Dance                 Hexes                        3
   e - Dazzling Spray                 Conjuration/Hexes            3
Comestibles
 q - 17 rations


   Skills:
 - Level 2.0 Fighting
 - Level 4.0 Short Blades
 - Level 3.0 Dodging
 - Level 15.0 Stealth
 - Level 4.0 Shields
 - Level 12.0 Spellcasting
 - Level 7.1 Hexes
 + Level 6.6 Invocations


You had 22 spell levels left.
You knew the following spells:

 Your Spells              Type           Power        Failure   Level  Hunger
a - Corona                Hex            ####...      1%          1    None
b - Ensorcelled Hibernat  Hex/Ice        ###...       2%          2    None
c - Confuse               Hex            ####....     1%          3    None
d - Tukima's Dance        Hex            ####....     1%          3    None
e - Dazzling Spray        Conj/Hex       ###...       4%          3    None


Dungeon Overview and Level Annotations

Branches:
Dungeon (11/15)            Temple (1/1) D:7            Lair (1/6) D:10
    Orc: D:9-12

Altars:
Ashenzari
Cheibriados
Dithmenos
Elyvilon
Fedhas
Gozag
Hepliaklqana
Kikubaaqudgha
Makhleb
Nemelex Xobeh
Okawaru
Qazlal
Ru
Sif Muna
Trog
Uskayaw
Vehumet
Wu Jian
Xom
Yredelemnul
Zin
The Shining One

Shops:
D:10 *

Annotations:
D:6 Blork the orc


Innate Abilities, Weirdness & Mutations

You are very small and have problems with some larger weapons.
You are too small for most types of armour.
You have supernaturally acute eyesight. (SInv)
You are a herbivore.
You cover ground extremely quickly.
You need consume almost no food.


Message History

Moving in this stuff is going to be slow.
The spiny frog misses you.
You puncture the plant!
The plant is lightly damaged.
The spiny frog stings you!
Your unstable footing causes you to fumble your attack.
The spiny frog stings you!
Your unstable footing causes you to fumble your attack.
The spiny frog completely misses you.
You hit the plant but do no damage.
The plant is lightly damaged.
The spiny frog stings you!!
* * * LOW HITPOINT WARNING * * *
You hit the plant but do no damage.
The plant is lightly damaged.
The spiny frog misses you.
You hit the plant.
The plant is moderately damaged.
The spiny frog stings you!
You die...

≈≈P≈≈P≈♣♣..P♣≈≈≈.≈≈♣♣...
P≈P≈≈≈≈♣♣≈≈♣♣≈≈≈.≈≈♣ #
≈≈≈P≈≈≈♣♣♣♣♣♣≈≈≈.≈≈♣
≈P≈≈≈≈≈ ♣♣♣≈P≈≈.≈♣≈+
P≈≈≈≈ ≈≈≈≈≈≈P.≈♣#.# ..
≈≈≈≈≈≈≈.P##..# ####+P
..........#..## #.....
≈≈≈≈≈≈≈F......# #.....
≈≈≈≈≈≈≈@≈#..... #.....
≈≈≈≈≈≈≈P♣#....# #.....
≈≈≈≈≈≈≈≈≈ ....# #.....
≈≈≈≈≈≈≈### ...# +.....
≈≈≈≈≈≈≈ ... #.....
≈PPP≈≈# ###+.# ♣♣≈≈P#
#... ♣≈## ##P. ##...


You could see a spiny frog.

Vanquished Creatures
  A hydra (Lair:1)
  2 two-headed ogres
  Pikel (D:6)
  A black mamba (Lair:1)
  2 spiny frogs (Lair:1)
  2 hornets (D:8)
  3 hippogriffs
  A basilisk (Lair:1)
  3 yaks (D:10)
  The ghost of Iko the Charmwright, an amateur DDSk of Ru (D:9)
  A hungry ghost (D:9)
  Menkaure (D:6)
  2 soldier ants (D:8)
  2 water moccasins (Lair:1)
  2 porcupines (D:10)
  An ice beast (D:7)
  An orc warrior (D:10)
  4 phantoms
  3 sky beasts
  A slave (D:6)
  A black bear (D:8)
  An eye of draining (D:9)
  A necrophage (D:8)
  4 ogres
  A crocodile (Lair:1)
  5 centaurs
  7 bullfrogs
  9 killer bees
  6 scorpions
  2 crimson imps
  A bullfrog zombie (D:9)
  4 centaur zombies (D:7)
  2 quasits
  3 jellies
  2 hounds
  A centaur skeleton (D:4)
  4 orc priests
  3 orc wizards
  2 bullfrog skeletons
  An iguana (D:9)
  Jessica (D:3)
  6 worker ants
  A merfolk siren (Sewer)
  A merfolk avatar (Sewer)
  A killer bee zombie (D:6)
  A hound zombie (D:6)
  3 hound skeletons
  A worker ant zombie (D:6)
  4 gnolls (D:5)
  10 adders
  4 shadow imps
  5 worms
  8 leopard geckos
  15 orcs
  4 ball pythons
  11 bats
  6 giant cockroaches
  4 goblins
  5 hobgoblins
  8 kobolds
  3 quokkas
  15 frilled lizards
  A leopard gecko skeleton (D:7)
  A quokka skeleton (D:9)
  35 rats
249 creatures vanquished.

Vanquished Creatures (others)
  A slave (D:6)
  A bullfrog zombie (D:6)
  A fungus (Lair:1)
  4 plants (Lair:1)
7 creatures vanquished.

Grand Total: 256 creatures vanquished

Notes
Turn   | Place    | Note
-------+----------+-------------------------------------------
     0 | D:1      | poirepourri the Spriggan Enchanter began the quest for the Orb.
     0 | D:1      | Reached XP level 1. HP: 9/9 MP: 5/5
   290 | D:1      | Reached skill level 5 in Stealth
   293 | D:1      | Reached XP level 2. HP: 13/13 MP: 3/6
   297 | D:1      | Learned a level 2 spell: Ensorcelled Hibernation
  1247 | D:2      | Reached skill level 6 in Stealth
  1286 | D:2      | Reached XP level 3. HP: 16/16 MP: 8/8
  1620 | D:2      | Found a bloodstained altar of Trog.
  2292 | D:3      | Learned a level 3 spell: Confuse
  2518 | D:3      | Noticed Jessica
  2528 | D:3      | Killed Jessica
  2528 | D:3      | Reached skill level 7 in Stealth
  2528 | D:3      | Reached XP level 4. HP: 21/21 MP: 6/9
  2692 | D:3      | Found a white marble altar of Elyvilon.
  2893 | D:4      | Reached skill level 8 in Stealth
  2993 | D:4      | Noticed a phantom
  3247 | D:4      | Killed a phantom
  3247 | D:4      | Reached skill level 9 in Stealth
  3247 | D:4      | Reached XP level 5. HP: 24/24 MP: 0/10
  3319 | D:4      | Reached skill level 10 in Stealth
  3319 | D:4      | Reached XP level 6. HP: 28/28 MP: 6/11
  3407 | D:4      | Found a glowing drain.
  3449 | Sewer    | Entered a sewer
  3540 | Sewer    | Reached skill level 5 in Spellcasting
  3564 | Sewer    | Reached XP level 7. HP: 32/32 MP: 5/15
  3955 | Sewer    | Learned a level 3 spell: Tukima's Dance
  3963 | Sewer    | Learned a level 3 spell: Dazzling Spray
  5141 | D:5      | Entered Level 5 of the Dungeon
  5535 | D:5      | Found an iron altar of Okawaru.
  5744 | D:5      | Found a shattered altar of Ashenzari.
  6205 | D:6      | Reached XP level 8. HP: 36/36 MP: 19/21
  6378 | D:6      | Noticed Blork the orc
  6390 | D:6      | Noticed Menkaure
  6417 | D:6      | Noticed Pikel
  6419 | D:6      | Killed Pikel
  6605 | D:6      | Found a sacrificial altar of Ru.
  6792 | D:6      | Killed Menkaure
  6792 | D:6      | Reached XP level 9. HP: 23/39 MP: 24/26
  7163 | D:7      | Found a burning altar of Makhleb.
  7200 | D:7      | Reached skill level 5 in Hexes
  7446 | D:7      | Found a staircase to the Ecumenical Temple.
  7463 | Temple   | Entered the Ecumenical Temple
  7548 | Temple   | Became a worshipper of Dithmenos the Shadowed
  7899 | D:8      | Reached skill level 11 in Stealth
  7900 | D:8      | Reached skill level 12 in Stealth
  7950 | D:8      | Reached skill level 13 in Stealth
  7976 | D:8      | Noticed a two-headed ogre
  8036 | D:8      | Killed a two-headed ogre
  8036 | D:8      | Reached skill level 14 in Stealth
  8036 | D:8      | Reached XP level 10. HP: 39/44 MP: 18/27
  8689 | D:8      | Reached skill level 15 in Stealth
  8894 | D:9      | Reached skill level 1 in Fighting
  9017 | D:9      | Reached * piety under Dithmenos
  9252 | D:9      | Noticed Iko's ghost (amateur DDSk)
  9260 | D:9      | Killed Iko's ghost
  9299 | D:9      | Reached skill level 1 in Shields
  9319 | D:9      | Noticed a two-headed ogre
  9334 | D:9      | Killed a two-headed ogre
  9555 | D:10     | Entered Level 10 of the Dungeon
  9645 | D:10     | Reached skill level 1 in Invocations
  9695 | D:10     | Found a staircase to the Lair.
  9981 | D:10     | Reached XP level 11. HP: 50/50 MP: 28/28
 10235 | D:10     | Found Aqiub's General Store.
 10240 | D:10     | Bought the ring "Feysef" {+Fly Str+7 Dex+2} for 564 gold pieces
 10412 | D:11     | Noticed a skeletal warrior
 10412 | D:11     | Noticed a skeletal warrior
 10432 | Lair:1   | Entered Level 1 of the Lair of Beasts
 10507 | Lair:1   | Reached ** piety under Dithmenos
 10514 | Lair:1   | Reached skill level 5 in Invocations
 11019 | Lair:1   | Noticed a five-headed hydra
 11033 | Lair:1   | Killed a five-headed hydra
 11302 | Lair:1   | Mangled by a spiny frog

Skill      XL: |  1  2  3  4  5  6  7  8  9 10 11 |
---------------+----------------------------------+-----
Stealth        | 5 6 7 9 10 14 15 | 15.0
Spellcasting   | 3 5 8 12 | 12.0
Short Blades   | 2 4 |  4.0
Hexes          | 4 7 |  7.1
Fighting       | 2 |  2.0
Shields        | 4 |  4.0
Invocations    | 3 6 |  6.6
Dodging        | |  3.0

Action                   |  1- 3 |  4- 6 |  7- 9 | 10-12 || total
-------------------------+-------+-------+-------+-------++-------
Melee: Dagger            |    91 |   104 |   192 |   136 ||   523
 Cast: Corona            |     5 |     2 |     1 |       ||     8
       Ensorcelled Hiber |    24 |    22 |    69 |    49 ||   164
       Confuse           |       |     9 |    26 |    18 ||    53
       Dazzling Spray    |       |       |    15 |     7 ||    22
Evoke: Wand              |       |       |       |     3 ||     3
  Use: Scroll            |    11 |     3 |     7 |     9 ||    30
       Potion            |       |     2 |       |     1 ||     3
 Stab: Sleeping          |    26 |    31 |    62 |    51 ||   170
       Confused          |       |     2 |    10 |     5 ||    17
       Invisible         |       |     1 |     2 |       ||     3
       Distracted        |       |       |     1 |       ||     1
  Eat: Ration            |     1 |     1 |     3 |     5 ||    10
Armor: Robe              |    16 |    21 |    39 |    12 ||    88
Dodge: Dodged            |    72 |    78 |   165 |   104 ||   419
